 Dungeon Crawl Stone Soup version 0.30.0-29-ga12c61a403 (webtiles) character file.

Game seed: 10613834530617557063

173 Sabo the Chopper (level 5, 0/42 HPs)
             Began as a Demonspawn Monk on June 19, 2023.
             Killed from afar by Fractals's ghost (1 damage)
             ... with a blast of sand
             ... on level 3 of the Dungeon.
             The game lasted 00:12:36 (2734 turns).

Sabo the Chopper (Demonspawn Monk)                  Turns: 2734, Time: 00:12:37

Health: 0/42       AC:  7    Str: 13    XL:     5   Next: 28%
Magic:  5/5        EV: 10    Int: 11    God:
Gold:   142        SH:  0    Dex: 16    Spells: 4/4 levels left

rFire   . . .        e - +0 war axe (venom)
rCold   . . .        d - orb {light}
rNeg    . . .        v - +0 scale mail
rPois   .            w - +0 helmet
rElec   .            (no cloak)
rCorr   .            (no gloves)
SInv    +            (no boots)
Will    .....        k - amulet of magic regeneration Stlth
                     n - ring of see invisible
HPRegen 0.27/turn    (no ring)
MPRegen 0.58/turn

%: no passive effects
@: glowing
A: magic regeneration, demonic touch 2
a: no special abilities


You were on level 3 of the Dungeon.
You visited 1 branch of the dungeon, and saw 3 of its levels.

You collected 142 gold pieces.

Inventory:

Hand Weapons
 e - a +0 war axe of venom (weapon)
 r - a +0 sling
Armour
 c - a +2 buckler
 d - an orb of light (worn)
 v - a +0 scale mail (worn)
 w - a +0 helmet (worn)
Jewellery
 k - an amulet of magic regeneration (around neck)
 n - a ring of see invisible (left hand)
Wands
 f - a wand of flame (12)
Scrolls
 a - a scroll of magic mapping
 g - a scroll of butterflies
 h - a scroll of blinking
 j - 3 scrolls of teleportation
 m - a scroll of immolation {unknown}
 o - a scroll of fear {unknown}
 q - a scroll of poison {unknown}
 s - 2 scrolls of vulnerability {unknown}
 t - a scroll of enchant armour {unknown}
 u - a scroll of brand weapon
Potions
 b - 2 potions of heal wounds {unknown}
 i - a potion of mutation {unknown}
 l - a potion of magic {unknown}
 p - a potion of brilliance {unknown}
 x - a potion of curing


   Skills:
 + Level 3.6 Fighting
 + Level 4.4 Axes
 + Level 1.1 Armour
 + Level 3.2 Dodging
 + Level 0.1 Stealth


You had 4 spell levels left.
You didn't know any spells.
Your spell library contained the following spells:

 Spells                   Type           Power      Damage    Failure   Level
 Beastly Appendage        Tmut           0%         N/A       86%         1
 Wereblood                Tmut           0%         N/A       95%         2
 Spider Form              Tmut/Pois      0%         N/A       99%         3


Dungeon Overview and Level Annotations

Branches:
Dungeon (3/15)

Altars:
Trog

Shops:
D:2 ?

Annotations:
D:3 Fractals's ghost, amateur GrEE


Innate Abilities, Weirdness & Mutations

You regenerate magic rapidly.
Your touch may inflict irresistible damage on your foes.


Message History

Fractals's ghost points at you and mumbles some strange words.
The blast of sand hits you.
* * * LOW HITPOINT WARNING * * *
Fractals's ghost hits you but does no damage.
You slash Fractals's ghost!
Fractals's ghost is heavily damaged.
Fractals's ghost hits you but does no damage.
You hit Fractals's ghost.
Fractals's ghost is heavily damaged.
Fractals's ghost hits you but does no damage.
You slash Fractals's ghost!
Fractals's ghost is severely damaged.
Fractals's ghost hits you.
* * * LOW HITPOINT WARNING * * *
Fractals's ghost freezes you.
* * * LOW HITPOINT WARNING * * *
You hit Fractals's ghost but do no damage.
Fractals's ghost is severely damaged.
Fractals's ghost hits you.
* * * LOW HITPOINT WARNING * * *
Fractals's ghost freezes you.
* * * LOW HITPOINT WARNING * * *
Fractals's ghost points at you and mumbles some strange words.
The blast of sand hits you but does no damage.
You closely miss Fractals's ghost.
Fractals's ghost is severely damaged.
Fractals's ghost gestures at you while chanting.
The blast of sand hits you but does no damage.
You barely miss Fractals's ghost.
Fractals's ghost is severely damaged.
Fractals's ghost hits you but does no damage.
You closely miss Fractals's ghost.
Fractals's ghost is severely damaged.
Fractals's ghost hits you.
* * * LOW HITPOINT WARNING * * *
Fractals's ghost freezes you.
* * * LOW HITPOINT WARNING * * *
Fractals's ghost casts a spell at you. The blast of sand hits you.
You die...

##.†.....##..........#
##....##..##.........#
#...#.###.####.......#
....#.# #.###........#
...##.###......#######
).###...........## ###
###.......(..##
#######....#÷.....#
.........#.#....@.#
######......<.##W##
........#####.#.$.#
.......## #.#♣8♣#
.......# #.####
......## #.. ......#
#.. ......# #...
####### ####


You could see Fractals's ghost.

Vanquished Creatures
  Robin (D:3)
  3 adders (D:2)
  4 gnolls
  2 worms
  5 dart slugs
  5 orcs (D:3)
  7 bats
  7 endoplasms
  6 giant cockroaches
  9 hobgoblins
  3 quokkas
  4 ball pythons
  A frilled lizard (D:1)
  12 goblins
  4 kobolds
  A rat (D:2)
74 creatures vanquished.

Notes
Turn   | Place    | Note
-------+----------+-------------------------------------------
     0 | D:1      | Sabo the Demonspawn Monk began the quest for the Orb.
     0 | D:1      | Reached XP level 1. HP: 18/18 MP: 1/1
   254 | D:1      | Reached skill level 3 in Axes
   254 | D:1      | Gained mutation: You regenerate magic rapidly. [demonic
                  | ancestry]
   254 | D:1      | Reached XP level 2. HP: 11/24 MP: 2/2
   485 | D:1      | Reached XP level 3. HP: 16/29 MP: 3/3
  1392 | D:2      | Gained mutation: Your touch may inflict minor irresistible
                  | damage on your foes. [demonic ancestry]
  1392 | D:2      | Reached XP level 4. HP: 11/35 MP: 4/4
  1813 | D:2      | Reached skill level 4 in Axes
  2010 | D:2      | Found Pyttu Luedy's Magic Scroll Shoppe.
  2199 | D:3      | Gained mutation: Your touch may inflict irresistible damage
                  | on your foes. [demonic ancestry]
  2199 | D:3      | Reached XP level 5. HP: 27/41 MP: 5/5
  2293 | D:3      | Found a bloodstained altar of Trog.
  2310 | D:3      | Noticed Robin
  2314 | D:3      | Reached skill level 1 in Armour
  2325 | D:3      | Killed Robin
  2504 | D:3      | Found a runed translucent door.
  2504 | D:3      | Noticed Fractals's ghost (amateur GrEE)
  2731 | D:3      | HP: 2/42 [Fractals's ghost (1)]
  2734 | D:3      | Killed from afar by Fractals's ghost

Illustrated notes

Levels and vault maps discovered:
D:1:      mainiacjoe_arrival_reflecting_pool, layout_basic, serial_park_tiny_1,
          minmay_tromino_v7
D:2:      minmay_wonky_spiral, layout_loops_cross, serial_shops, shop_statue,
          hex_tiny
D:3:      layout_rooms, trog_three_pillars_becter, gammafunk_ghost_grave,
          uniq_robin

Skill      XL: |  1  2  3  4  5 |
---------------+----------------+-----
Axes           | 3 4 |  4.4
Dodging        | 3 |  3.2
Armour         | 1 |  1.1
Fighting       | |  3.6
Stealth        | |  0.1

Action                     |  1- 3 |  4- 6 || total
---------------------------+-------+-------++-------
  Melee: War axe           |    76 |    69 ||   145
         Hand axe          |     3 |       ||     3
    Use: Scroll            |     7 |       ||     7
 Armour: Robe              |    17 |       ||    17
         Ring mail         |    10 |     8 ||    18
         Scale mail        |       |    21 ||    21
  Dodge: Dodged            |    75 |    42 ||   117
